 Dungeon Crawl Stone Soup version 0.30-a0-219-gf2db51d15e (webtiles) character file.

Game seed: 4980944496466375127

1515 KennySheep the Frost Mage (level 8, -1/64 HPs)
             Began as a Barachi Transmuter on Oct 7, 2022.
             Was a Follower of Cheibriados.
             Shot with an arrow by a centaur (6 damage)
             ... on level 6 of the Dungeon on Oct 8, 2022.
             The game lasted 00:20:32 (7854 turns).

KennySheep the Frost Mage (Barachi Transmuter)      Turns: 7854, Time: 00:20:33

Health: -1/64      AC:  8    Str: 16    XL:     8   Next: 83%
Magic:  7/11       EV: 10    Int: 18    God:    Cheibriados [*.....]
Gold:   231        SH:  0    Dex: 15    Spells: 4/11 levels left

rFire   x . .      SeeInvis .      - Unarmed
rCold   + + +      Faith    +    (shield currently unavailable)
rNeg    . . .      Spirit   .    (body armour currently unavailable)
rPois   +          Reflect  .    (helmet currently unavailable)
rElec   .          Harm     .    (cloak currently unavailable)
rCorr   .          Rampage  .    (gloves currently unavailable)
Will    .....                    (boots currently unavailable)
Stlth   +.........               l - amulet of faith
HPRegen 0.30/turn                (no ring)
MPRegen 0.12/turn                (no ring)

@: ice-form, very slow
A: freezing attack, boosted hp, amphibious, large, (slowness 1), (strong legs
1), +LOS
a: End Transformation, Renounce Religion, Bend Time


You were on level 6 of the Dungeon.
You worshipped Cheibriados.
Cheibriados was aware of your devotion.
You were a creature of crystalline ice.
You visited 2 branches of the dungeon, and saw 7 of its levels.

You collected 231 gold pieces.

Inventory:

Missiles
 u - a throwing net
Armour
 a - a +0 robe (melded)
 w - a scarf of resistance
 y - a +0 cloak (melded)
 A - a +0 helmet (melded)
Magical Staves
 b - a staff of cold
Jewellery
 l - an amulet of faith (around neck)
 x - a ring of willpower
Scrolls
 d - 3 scrolls of enchant armour {unknown}
 g - 2 scrolls of teleportation {unknown}
 h - 4 scrolls of blinking {unknown}
 k - 5 scrolls of identify {unknown}
 m - a scroll of enchant weapon {unknown}
 n - a scroll of summoning {unknown}
 p - a scroll of poison {unknown}
 q - a scroll of immolation {unknown}
 r - 2 scrolls of fear {unknown}
 t - a scroll of amnesia {unknown}
Potions
 c - 3 potions of heal wounds {unknown}
 e - a potion of mutation {unknown}
 f - a potion of might
 i - a potion of degeneration {unknown}
 j - 2 potions of magic {unknown}
 o - 2 potions of curing {unknown}
 s - a potion of flight {unknown}
 v - a potion of cancellation {unknown}
 z - a potion of attraction {unknown}


   Skills:
 - Level 1.2 Fighting
 - Level 2.1 Dodging
 + Level 6.2 Unarmed Combat
 - Level 2.1 Spellcasting
 * Level 7.7 Transmutations
 * Level 8.0 Ice Magic


You had 4 spell levels left.
You knew the following spells:

 Your Spells              Type           Power      Damage    Failure   Level
a - Beastly Appendage     Tmut           58%        N/A       1%          1
b - Wereblood             Tmut           29%        N/A       1%          2
z - Ice Form              Ice/Tmut       30%        N/A       7%          4

Your spell library contained the following spells:

 Spells                   Type           Power      Damage    Failure   Level
 Spider Form              Tmut/Pois      15%        N/A       11%         3
 Apportation              Tloc           2%         N/A       19%         1
 Necrotise                Necr           4%         1d4       19%         1
 Summon Small Mammal      Summ           4%         N/A       19%         1
 Call Canine Familiar     Summ           1%         N/A       47%         3
 Summon Guardian Golem    Hex/Summ       1%         N/A       47%         3


Dungeon Overview and Level Annotations

Branches:
Dungeon (6/15)             Temple (1/1) D:5

Altars:
Ashenzari
Cheibriados
Dithmenos
Fedhas
Gozag
Hepliaklqana
Kikubaaqudgha
Nemelex Xobeh
Okawaru
Qazlal
Ru
Sif Muna
Trog
Uskayaw
Vehumet
Wu Jian
Xom
Zin
The Shining One

Annotations:
D:2 Sigmund


Innate Abilities, Weirdness & Mutations

You are a creature of crystalline ice.
You have a powerful freezing melee attack.
Your maximum health is increased.
Your armour is entirely melded.
You are incapable of wielding weapons or throwing items.
You are amphibious.
((You cover ground slowly.))
((You can hop short distances.))
You have an extended range of vision and can be seen from far away.


Message History

The white imp gestures at you. The puff of frost hits you. You resist.
The white imp hits you but does no damage.
You punch the white imp!
The white imp is almost dead.
You punch the white imp!
You kill the white imp!
Cheibriados appreciates the change of pace.
Your Ice Magic skill increases to level 8!
You start resting.
Your transformation is almost over.
You warm up again.
Your +0 cloak unmelds from your body.
Your +0 helmet unmelds from your body.
Your +0 robe unmelds from your body.
You start resting.
HP restored.
You start waiting.
Done waiting.
Casting: Ice Form (dangerous; 7% risk of failure)
Confirm with . or Enter, or press ? or * to list all spells.
You turn into a creature of crystalline ice.
Your +0 cloak melds into your body.
Your +0 helmet melds into your body.
Your +0 robe melds into your body.
The centaur shouts!
The centaur shoots an arrow.
The arrow hits you.
The centaur shoots an arrow.
The arrow hits you!
The centaur shoots an arrow.
The arrow hits you!
The centaur shouts!
The orc shouts!
The centaur shoots an arrow.
The arrow hits you.
The centaur wields a +0 shortbow.
The centaur shoots an arrow.
The arrow hits you!
* * * LOW HITPOINT WARNING * * *
The centaur shoots an arrow.
The arrow completely misses you.
The centaur shoots an arrow.
The arrow hits you.
* * * LOW HITPOINT WARNING * * *
The centaur shoots an arrow.
The arrow misses you.
The centaur shoots an arrow.
The arrow hits you!
* * * LOW HITPOINT WARNING * * *
The centaur shoots an arrow.
The arrow hits you.
You die...

#≈~≈~≈...≈~≈~≈..####.#
#≈~≈≈c.o.≈c≈~≈.......#
#≈≈~≈≈≈≈c≈~≈~≈#.#.##.#
##~≈≈~~~c≈≈~≈~≈..#.##.#
..≈~≈≈≈≈≈≈~≈≈~≈###.##.#
#.≈≈~~~~~~≈≈~≈≈# #.##.#
###### ..~≈≈≈≈≈≈≈≈~≈≈~#
#.##.# .....# #.#....
#.##.# ####. #Y#..#
#.##.#
#.#.#######.##.###
#.................
##############.### ..#
###


You could see 4 centaurs and an orc.

Vanquished Creatures
  A water moccasin (D:5)
  A black bear (D:6)
  4 phantoms
  2 necrophages (D:5)
  A scorpion (Temple)
  8 wights (D:6)
  A jelly (D:6)
  An orc priest (D:5)
  A hound (D:5)
  Jessica (D:2)
  Terence (D:2)
  2 orc wizards
  Robin (D:4)
  7 adders
  3 white imps
  2 worms
  4 dart slugs
  17 orcs
  4 bats
  11 endoplasms
  2 giant cockroaches (D:2)
  18 goblins
  13 hobgoblins
  3 jackals (D:3)
  6 quokkas
  6 ball pythons
  3 frilled lizards
  9 kobolds
  5 rats
138 creatures vanquished.

Vanquished Creatures (others)
  2 demonic plants (D:3)
2 creatures vanquished.

Grand Total: 140 creatures vanquished

Notes
Turn   | Place    | Note
-------+----------+-------------------------------------------
     0 | D:1      | KennySheep the Barachi Transmuter began the quest for the
                  | Orb.
     0 | D:1      | Reached XP level 1. HP: 15/15 MP: 3/3
   121 | D:1      | Reached skill level 1 in Ice Magic
   121 | D:1      | Reached XP level 2. HP: 12/21 MP: 5/5
   581 | D:1      | Reached XP level 3. HP: 19/26 MP: 6/6
   706 | D:1      | Learned a level 2 spell: Wereblood
   788 | D:2      | Noticed Jessica
   794 | D:2      | Killed Jessica
   795 | D:2      | Reached skill level 2 in Ice Magic
   820 | D:2      | Reached XP level 4. HP: 16/32 MP: 5/7
   944 | D:1      | Learned a level 4 spell: Ice Form
   986 | D:2      | Noticed Sigmund
  1074 | D:2      | Noticed Terence
  1095 | D:2      | HP: 1/32 [Terence/+0 short sword (4)]
  1101 | D:2      | Killed Terence
  1102 | D:2      | Reached skill level 3 in Ice Magic
  1369 | D:2      | Found a shimmering altar of Xom.
  1407 | D:2      | Reached XP level 5. HP: 30/37 MP: 8/8
  2250 | D:3      | Found a bloodstained altar of Trog.
  2487 | D:3      | Found a faded altar of an unknown god.
  2854 | D:3      | Found a radiant altar of Vehumet.
  3040 | D:4      | Noticed a phantom
  3436 | D:4      | Killed a phantom
  3437 | D:4      | Reached skill level 4 in Ice Magic
  3437 | D:4      | Reached XP level 6. HP: 43/43 MP: 4/9
  3742 | D:4      | Noticed Robin
  4104 | D:4      | Killed Robin
  4461 | D:4      | Found an iron altar of Okawaru.
  4801 | D:5      | Entered Level 5 of the Dungeon
  4801 | D:5      | Noticed a water moccasin
  4810 | D:5      | Killed a water moccasin
  4811 | D:5      | Reached skill level 5 in Transmutations
  4904 | D:5      | Reached skill level 5 in Ice Magic
  4904 | D:5      | Reached XP level 7. HP: 43/47 MP: 10/10
  4966 | D:5      | Found a staircase to the Ecumenical Temple.
  4977 | Temple   | Entered the Ecumenical Temple
  5141 | Temple   | Became a worshipper of Cheibriados the Contemplative
  5175 | D:5      | Reached skill level 5 in Unarmed Combat
  5493 | D:5      | Reached skill level 6 in Ice Magic
  5994 | D:5      | Reached XP level 8. HP: 47/54 MP: 9/11
  6723 | D:6      | Reached * piety under Cheibriados
  6803 | D:6      | Reached skill level 7 in Ice Magic
  7286 | D:6      | Noticed a +0 falchion
  7286 | D:6      | Noticed a +0 short sword
  7286 | D:6      | Noticed a +0 spear
  7287 | D:6      | Noticed a +0 dagger
  7287 | D:6      | Noticed a +0 spear
  7288 | D:6      | Noticed a +0 dagger
  7288 | D:6      | Noticed a +0 falchion
  7289 | D:6      | Noticed a +0 short sword
  7306 | D:6      | Found a hide-covered altar of Uskayaw.
  7635 | D:6      | Reached skill level 8 in Ice Magic
  7854 | D:6      | Shot with an arrow by a centaur

Illustrated notes

Levels and vault maps discovered:
D:1:      nicolae_arrival_memento_mori, layout_basic, minivault_11
D:2:      minmay_angry_zag, layout_rooms, basic_altar, uniq_jessica,
          uniq_terence, uniq_sigmund
D:3:      layout_loops_ring, marbit_many_paths, general_overflow_altar,
          dreamdust_ecumenical_altar_sealed_demon
D:4:      layout_layer_cave, okawaru_metal_pillars_3, uniq_robin
D:5:      layout_layer_cave, temple_hall,
          hangedman_abyss_or_decor_jellyfish_corner, kennysheep_minor_cross
D:6:      nicolae_whirlpool, layout_loops_ring, nicolae_uskayaw_en_pointe
Temple:   jpeg_temple_clearing

Skill      XL: |  1  2  3  4  5  6  7  8 |
---------------+-------------------------+-----
Ice Magic      | 1 2 3 4 5 6 8 |  8.0
Transmutations | 3 4 5 6 7 |  7.7
Unarmed Combat | 4 5 6 |  6.2
Fighting       | |  1.2
Dodging        | |  2.1
Spellcasting   | |  2.1

Action                   |  1- 3 |  4- 6 |  7- 9 || total
-------------------------+-------+-------+-------++-------
Melee: Unarmed           |    96 |   300 |   143 ||   539
       Headbutt          |     4 |    13 |     3 ||    20
       Kick              |     2 |    25 |     8 ||    35
       Punch             |     1 |     9 |     1 ||    11
 Cast: Beastly Appendage |     6 |    12 |     4 ||    22
       Ice Form          |       |     3 |    13 ||    16
       Wereblood         |       |       |     1 ||     1
 Abil: Hop               |       |     1 |       ||     1
  Use: Potion            |     1 |     1 |       ||     2
 Stab: Sleeping          |     1 |     1 |     1 ||     3
Armor: Robe              |    16 |    29 |    10 ||    55
       Skin              |     3 |    20 |    27 ||    50
Dodge: Dodged            |    53 |   146 |    65 ||   264

Table legend: (Time is in decaauts)
 A = Elapsed time spent in this place.
 B = Non-inter-level travel time spent in this place.
 C = Inter-level travel time spent in this place.
 D = Time resting spent in this place.
 E = Time spent auto-exploring this place.
 F = Levels seen in this place.
 G = Mean time per level.
                   A        B        C        D        E       F      G
               +--------+--------+--------+--------+--------+-----+--------+
         Total |   8921 |   8507 |    414 |   2269 |   4798 |   7 | 1274.4 |
       Dungeon |   8726 |   8333 |    393 |   2269 |   4662 |   6 | 1454.3 |
        Temple |    195 |    175 |     20 |      0 |    136 |   1 |  195.0 |
               +--------+--------+--------+--------+--------+-----+--------+

Top non-repeatable levels by time:
     D:5: 2036 daAuts
     D:4: 1922 daAuts
     D:6: 1401 daAuts
     D:3: 1235 daAuts
     D:1: 1142 daAuts
     D:2: 987 daAuts
  Temple: 195 daAuts
